 Dungeon Crawl Stone Soup version 0.22-a0-858-g985ef60 (webtiles) character file.

1166 VLARC the Geomancer (level 8, -1/53 (57) HPs)
             Began as a Ghoul Earth Elementalist on July 27, 2018.
             Slain by a sky beast (6 damage)
             ... on level 5 of the Dungeon.
             The game lasted 00:15:05 (5097 turns).

VLARC the Geomancer (Ghoul Earth Elementalist)      Turns: 5097, Time: 00:15:08

HP:   -1/53 (57)    AC:  6    Str: 12    XL:     8   Next: 40%
MP:   1/20          EV: 12    Int: 12    God:
Gold: 52            SH:  0    Dex:  9    Spells: 0/13 levels left

rFire    . . .     SeeInvis .   k - +1 whip (elec)
rCold    + . .     Gourm    .   (no shield)
rNeg     + + +     Faith    .   c - +0 robe
rPois    ∞         Spirit   .   l - +1 helmet
rElec    .         Reflect  .   g - +0 cloak
rCorr    .         Harm     .   o - +0 pair of gloves
MR       .....                  (no boots)
Stlth    ++........             (no amulet)
HPRegen  0.00/turn              e - ring of magical power
MPRegen  0.17/turn              (no ring)

@: very slightly contaminated, rotting
A: rotting body, claws 1, carnivore, cold resistance 1, negative energy
resistance 3, inhibited regeneration, torment resistance, unbreathing
a: no special abilities


You were on level 5 of the Dungeon.
You were not hungry.

You visited 1 branch of the dungeon, and saw 5 of its levels.
You also visited: Sewer.

You collected 206 gold pieces.
You spent 154 gold pieces at shops.

Inventory:

Hand Weapons
 k - a +1 whip of electrocution (weapon)
Missiles
 q - 24 stones (quivered)
Armour
 c - a +0 robe (worn)
 g - a +0 cloak (worn)
 l - a +1 helmet (worn)
 o - a +0 pair of gloves (worn)
Jewellery
 e - a ring of magical power (left hand)
 B - a +2 ring of strength {unknown}
Wands
 y - a wand of disintegration (18)
Scrolls
 a - a scroll of random uselessness {unknown}
 b - a scroll of teleportation
 h - 6 scrolls of remove curse
 t - a scroll of blinking {unknown}
 w - a scroll of magic mapping {unknown}
Potions
 f - 2 potions of brilliance
 i - 4 potions of ambrosia
 j - 2 potions of flight
 m - 8 potions of heal wounds
 n - 3 potions of curing
 r - a potion of haste {unknown}
 s - a potion of magic {unknown}
 u - a potion of agility
 v - a potion of resistance {unknown}
 z - 2 potions of invisibility {unknown}
 A - a potion of might {unknown}
Comestibles
 d - 9 rations


   Skills:
 - Level 1.7 Dodging
 - Level 2.1 Stealth
 - Level 3.0 Spellcasting
 + Level 2.7 Transmutations
 + Level 10.1 Earth Magic


You couldn't memorise any spells.
You knew the following spells:

 Your Spells              Type           Power        Failure   Level  Hunger
a - Sandblast             Erth           ####..       1%          1    #......
b - Stone Arrow           Conj/Erth      ##....       10%         3    ###....
c - Lee's Rapid Deconstr  Erth           ####......   11%         5    ######.
d - Petrify               Tmut/Erth      ###.....     17%         4    #####..

Your spell library contained the following spells:

 Spells                   Type           Power        Failure   Level  Hunger
 Passwall                 Tmut/Erth      ###.....     2%          2    ###....


Dungeon Overview and Level Annotations

Branches:
Dungeon (5/15)
 Temple: D:4-7

Altars:
Fedhas
Qazlal
Ru
Trog
Uskayaw
Yredelemnul

Shops:
D:5 !

Annotations:
D:4 Sigmund


Innate Abilities, Weirdness & Mutations

Your body is rotting away.
You thrive on raw meat.
You are immune to poison.
You have sharp fingernails.
You are carnivorous and can eat meat at any time.
Your flesh is cold resistant. (rC+)
You are immune to negative energy. (rN+++)
You do not regenerate when monsters are visible.
You are immune to unholy pain and torment.
You can survive without breathing.


Message History

* * * LOW HITPOINT WARNING * * *
The sky beast shocks you.
* * * LOW HITPOINT WARNING * * *
You hit the sky beast.
The sky beast is almost dead.
The sky beast closely misses you.
The sky beast hits you but does no damage.
Casting: Stone Arrow (safe; 10% risk of failure)
Confirm with . or Enter, or press ? or * to list all spells.
Aiming: Sandblast (safe; 1% risk of failure)
Press: ? - help, Shift-Dir - straight line, f/p - sky beast
Aim: a sky beast (almost dead)
The blast of sand misses the sky beast.
q - 24 stones The sky beast flickers out of sight!
Deactivating autopickup; reactivate with Ctrl-A.
Something hits you.
* * * LOW HITPOINT WARNING * * *
Something shocks you.
You die...

### #... #_# #... ##.## #...
#####...## #...
####+####..##..#..# ###'
...........+#.###.# #...
...........##.###.## #...
##+#####'####.#_...########+#
..........{@.#...._#.....#..
..........##.#_...##........
...........#.###.###........
........>..#.###.#.#'###'###
.#+#####'###..#..#.#..#.....
#.........##...##.'..#..... .
+..........##.##..#..#.....
.#...........#_#...#..#.....
...##.##.######...####.....


There were no monsters in sight!

Vanquished Creatures
  Pikel (D:3)
  2 slaves (D:4)
  A centaur (D:5)
  A big kobold (Sewer)
  A scorpion (D:5)
  A crimson imp (D:5)
  A jelly (D:3)
  A centaur zombie (D:5)
  2 hounds (D:5)
  An orc priest (D:3)
  An orc wizard (D:3)
  A worker ant (D:5)
  A hound skeleton (D:4)
  7 gnolls
  A howler monkey skeleton (D:5)
  A river rat (Sewer)
  7 adders
  A shadow imp (D:5)
  An adder skeleton (D:4)
  3 worms
  2 dart slugs
  2 leopard geckos
  10 orcs
  A giant cockroach (D:1)
  6 goblins
  8 hobgoblins
  3 jackals
  12 kobolds
  2 quokkas
  2 ball pythons
  3 bats (D:2)
  3 frilled lizards
  13 rats
103 creatures vanquished.

Notes
Turn   | Place    | Note
-------+----------+-------------------------------------------
     0 | D:1      | VLARC the Ghoul Earth Elementalist began the quest for the Orb.
     0 | D:1      | Reached XP level 1. HP: 14/14 MP: 2/2
   288 | D:1      | Reached XP level 2. HP: 18/20 MP: 4/4
  1097 | D:2      | Reached XP level 3. HP: 26/26 MP: 3/5
  1101 | D:2      | Reached skill level 4 in Earth Magic
  1317 | D:2      | Found a stormy altar of Qazlal.
  1428 | D:2      | Reached XP level 4. HP: 33/33 MP: 7/7
  2184 | D:3      | Reached skill level 5 in Earth Magic
  2189 | D:3      | Reached XP level 5. HP: 32/38 MP: 8/8
  2390 | D:3      | Found a glowing drain.
  2402 | Sewer    | Entered a sewer
  2427 | Sewer    | Reached skill level 6 in Earth Magic
  2505 | Sewer    | Noticed a big kobold
  2517 | Sewer    | Killed a big kobold
  2517 | Sewer    | Reached XP level 6. HP: 37/45 MP: 9/9
  2538 | Sewer    | Found a white marble altar of Elyvilon.
  3088 | D:4      | Noticed a slave
  3120 | D:4      | Killed a slave
  3165 | D:4      | Learned a level 5 spell: Lee's Rapid Deconstruction
  3169 | D:4      | Learned a level 3 spell: Stone Arrow
  3175 | D:4      | Noticed a slave
  3175 | D:4      | Noticed a slave
  3194 | D:4      | Killed a slave
  3345 | D:4      | Noticed Pikel
  3401 | D:3      | Reached skill level 7 in Earth Magic
  3483 | D:3      | Killed Pikel
  3483 | D:3      | Reached skill level 9 in Earth Magic
  3483 | D:3      | Reached XP level 7. HP: 8/49 MP: 4/10
  3679 | D:4      | Found a blossoming altar of Fedhas.
  4009 | D:4      | Reached XP level 8. HP: 38/54 MP: 11/11
  4046 | D:4      | Noticed Sigmund
  4085 | D:3      | Learned a level 4 spell: Petrify
  4280 | D:5      | Entered Level 5 of the Dungeon
  4329 | D:5      | Found Aqaxzeim's Distillery.
  4347 | D:5      | Reached skill level 1 in Transmutations
  4400 | D:5      | Bought a potion of heal wounds for 70 gold pieces
  4400 | D:5      | Bought 2 potions of curing for 84 gold pieces
  4809 | D:5      | Reached skill level 10 in Earth Magic
  5043 | D:5      | Found a hide-covered altar of Uskayaw.
  5043 | D:5      | Found a faded altar of an unknown god.
  5048 | D:5      | Found a sacrificial altar of Ru.
  5050 | D:5      | Found a basalt altar of Yredelemnul.
  5051 | D:5      | Found a bloodstained altar of Trog.
  5097 | D:5      | Slain by a sky beast

Vault maps used:
D:1:      giann_wishing_wells
D:2:      grunt_qazlal_clouds
D:3:      portal_sewer_entry_d, kennysheep_generic_room_12
D:4:      fedhas_altar_fruit_tree, kennysheep_generic_room_2, uniq_pikel,
          uniq_sigmund
D:5:      chequers_temple_overflow_minitemple, serial_shops, shop_fountains,
          first_ration, minivault_14
Sewer:    sewer_kobolds

Skill      XL: |  1  2  3  4  5  6  7  8 |
---------------+-------------------------+-----
Spellcasting   | 2 3 |  3.0
Earth Magic    | 4 5 6 9 10 | 10.1
Transmutations | 2 |  2.7
Dodging        | |  1.7
Stealth        | |  2.1

Action                   |  1- 3 |  4- 6 |  7- 9 || total
-------------------------+-------+-------+-------++-------
Melee: Unarmed           |    53 |       |       ||    53
       Whip              |    35 |   115 |   117 ||   267
Throw: Stone             |       |     1 |       ||     1
 Cast: Sandblast         |    28 |    34 |     8 ||    70
       Stone Arrow       |       |     8 |    10 ||    18
       Lee's Rapid Decon |       |       |     1 ||     1
  Use: Scroll            |       |     8 |     3 ||    11
 Stab: Sleeping          |     4 |     3 |     1 ||     8
  Eat: Chunk             |    17 |    13 |    15 ||    45
       Ration            |       |       |     2 ||     2
Armor: Robe              |    12 |    38 |    46 ||    96
Dodge: Dodged            |    56 |    89 |    93 ||   238

Table legend:
 A = Spawn XP
 B = Non-spawn XP
 C = Spawn XP percentage of total XP
 D = Spawn monster count
 E = Non-spawn monster count
 F = Spawn count percentage of total count
 G = Total turns spent on level
                    A         B        C        D         E        F      G
               +---------+---------+-------+---------+---------+-------+---------
         Total |       0 |    1667 |   0.0 |       0 |     101 |   0.0 |  5097
               +---------+---------+-------+---------+---------+-------+---------
           D:1 |       0 |      32 |   0.0 |       0 |      21 |   0.0 |  1073
           D:2 |       0 |      75 |   0.0 |       0 |      24 |   0.0 |   830
           D:3 |       0 |     852 |   0.0 |       0 |      16 |   0.0 |  1270
           D:4 |       0 |     126 |   0.0 |       0 |      14 |   0.0 |   904
           D:5 |       0 |     461 |   0.0 |       0 |      15 |   0.0 |   817
         Sewer |       0 |     121 |   0.0 |       0 |      11 |   0.0 |   203
               +---------+---------+-------+---------+---------+-------+---------
